 Dungeon Sprint DCSS version 0.18-a0-1576-g2b87869 (webtiles) character file.

2650 Oddball22 the Martial Artist (level 9, 0/83 HPs)
             Began as a Demigod Transmuter on Mar 17, 2016.
             Slain by a seven-headed hydra (15 damage)
             ... in the Dungeon (Sprint IX: "|||||||||||||||||||||||||||||").
             The game lasted 00:03:57 (1084 turns).

Oddball22 the Martial Artist (Demigod Transmuter)   Turns: 1084, Time: 00:03:57

Health: 0/83       AC:  2    Str: 16    XL:     9   Next: 14%
Magic:  10/25      EV: 23    Int: 17    God:
Gold:   0          SH:  0    Dex: 22    Spells: 4 memorised, 11 levels left

rFire  . . .     SeeInvis .       - Unarmed
rCold  . . .     Gourm    .     b - +0 robe
rNeg   . . .     Faith    .     (no shield)
rPois  .         Spirit   .     (no helmet)
rElec  .         Dismiss  .     (no cloak)
rCorr  .         Reflect  .     (no gloves)
SustAt +         Harm     .     (no boots)
MR     .....     NoTele   +     (no amulet)
Stlth  ++........               o - +2 ring of evasion
                                n - +3 ring of strength

@: very slightly contaminated, not resistant to hostile enchantments, unstealthy
A: high mp 1, sustain attributes
a: no special abilities


You were in the Dungeon.
You were very hungry.

You visited 1 branch

Inventory:

Armour
 b - a +0 robe (worn)
Jewellery
 n - a +3 ring of strength (left hand)
 o - a +2 ring of evasion (right hand)
Wands
 m - a wand of acid (3/15)
Scrolls
 j - 2 scrolls of blinking
 k - 5 scrolls of remove curse
 l - 2 scrolls of amnesia
 q - a scroll of magic mapping
 r - a scroll of fog
 s - a scroll of identify
 t - 4 scrolls of enchant weapon
Potions
 a - a potion of might
 e - 6 potions of curing
 f - 2 potions of heal wounds
 g - a potion of brilliance
 h - 4 potions of magic
 i - a potion of invisibility
 p - 2 potions of cure mutation
Books
 c - a book of Changes

   Spells                             Type                      Level
   a - Beastly Appendage              Transmutation                1
   b - Sticks to Snakes               Transmutation                2
   c - Spider Form                    Transmutation/Poison         3
   d - Ice Form                       Ice/Transmutation            4
   e - Blade Hands                    Transmutation                5
Comestibles
 d - a bread ration


   Skills:
 + Level 9.1 Fighting
 + Level 9.2 Dodging
 + Level 9.4 Unarmed Combat
 + Level 8.4 Spellcasting
 + Level 9.2 Transmutations


You had 11 spell levels left.
You knew the following spells:

 Your Spells              Type           Power        Failure   Level  Hunger
a - Beastly Appendage     Trmt           #####.       1%          1    None
b - Spider Form           Trmt/Pois      ###.......   6%          3    #......
c - Ice Form              Ice/Trmt       ###.....     17%         4    ###....
d - Blade Hands           Trmt           #####.....   10%         5    #####..


Dungeon Overview and Level Annotations

Branches:
Dungeon (1/1)


Innate Abilities, Weirdness & Mutations

You have an increased reservoir of magic (+10% MP).
Your attributes are resistant to harm.


Message History

The seven-headed hydra closely misses you.
The seven-headed hydra bites you.
The seven-headed hydra barely misses you.
The seven-headed hydra completely misses you.
The seven-headed hydra bites you. The seven-headed hydra bites you!
The seven-headed hydra completely misses you.
Evoke which item? (* to show all) (? for menu, Esc to quit)
Zapping:
m - a wand of acid (4/15)
Press: ? - help, Shift-Dir - straight line, f/p - rime drake
Aim: a rime drake (moderately wounded)
The bolt of acid hits the seven-headed hydra.
The seven-headed hydra is severely wounded.
The bolt of acid hits the wolf.
The acid corrodes the wolf!
You kill the wolf!
The bolt of acid misses the rime drake.
This wand has 3 charges left.
The seven-headed hydra bites you!! The seven-headed hydra misses you.
The seven-headed hydra bites you!
* * * LOW HITPOINT WARNING * * *
The seven-headed hydra bites you!
You die...

▓.▓.▓.▓
▓.▓.▓.▓
▓.▓.▓.▓
▓)▓.▓.▓
▓(▓.▓.▓
▓.▓.▓k▓
▓.▓.▓'▓
▓)▓.▓D▓
▓.▓.▓@▓
▓'▓.▓.▓
▓.▓.▓.▓
▓.▓.▓.▓
▓.▓.▓.▓
▓<▓...▓
▓▓▓▓▓▓▓


You could see a seven-headed hydra and a rime drake.

Vanquished Creatures
  A centaur warrior (D)
  A hill giant (D)
  An efreet (D)
  A shadow (D)
  A vampire (D)
  A hungry ghost (D)
  A water moccasin (D)
  An ice beast (D)
  2 ogres (D)
  A wolf (D)
  2 centaurs (D)
  A crocodile (D)
  A giant frog (D)
  A crimson imp (D)
  A quasit (D)
  An iguana (D)
  An adder (D)
  A river rat (D)
  An adder skeleton (D)
  A giant cockroach (D)
  A kobold (D)
  A giant newt (D)
  A goblin (D)
  A jackal skeleton (D)
  A rat (D)
27 creatures vanquished.

Notes
Turn   | Place    | Note
--------------------------------------------------------------
     0 | D        | Oddball22 the Demigod Transmuter began the quest for the Orb.
     0 | D        | Reached XP level 1. HP: 15/15 MP: 5/5
     5 | D        | Reached skill level 1 in Fighting
   310 | D        | Noticed an ice beast
   310 | D        | Noticed an ogre
   310 | D        | Noticed an ogre
   314 | D        | Killed an ogre
   314 | D        | Reached XP level 2. HP: 26/26 MP: 3/9
   314 | D        | Reached XP level 3. HP: 31/31 MP: 3/10
   314 | D        | Reached XP level 4. HP: 38/38 MP: 3/12
   321 | D        | Killed an ogre
   321 | D        | Reached skill level 5 in Unarmed Combat
   321 | D        | Reached XP level 5. HP: 47/47 MP: 4/14
   324 | D        | Killed an ice beast
   324 | D        | Reached skill level 5 in Fighting
   324 | D        | Reached skill level 5 in Dodging
   324 | D        | Reached skill level 5 in Transmutations
   384 | D        | Learned a level 3 spell: Spider Form
   389 | D        | Learned a level 4 spell: Ice Form
   395 | D        | Learned a level 5 spell: Blade Hands
   400 | D        | Found a glowing silver altar of Zin.
   400 | D        | Found a glowing golden altar of the Shining One.
   400 | D        | Found an ancient bone altar of Kikubaaqudgha.
   400 | D        | Found a basalt altar of Yredelemnul.
   400 | D        | Found a shimmering altar of Xom.
   400 | D        | Found a radiant altar of Vehumet.
   401 | D        | Found an iron altar of Okawaru.
   402 | D        | Found a burning altar of Makhleb.
   403 | D        | Found a deep blue altar of Sif Muna.
   404 | D        | Found a bloodstained altar of Trog.
   405 | D        | Found a sparkling altar of Nemelex Xobeh.
   406 | D        | Found a white marble altar of Elyvilon.
   407 | D        | Found a roughly hewn altar of Beogh.
   408 | D        | Found a viscous altar of Jiyva.
   409 | D        | Found a corrupted altar of Lugonu.
   410 | D        | Found a blossoming altar of Fedhas.
   411 | D        | Found a snail-covered altar of Cheibriados.
   412 | D        | Found a shadowy altar of Dithmenos.
   413 | D        | Found a stormy altar of Qazlal.
   414 | D        | Found an opulent altar of Gozag.
   415 | D        | Found a sacrificial altar of Ru.
   416 | D        | Found an oddly glowing altar of Pakellas.
   446 | D        | Noticed a centaur
   446 | D        | Noticed a centaur
   454 | D        | Reached skill level 5 in Spellcasting
   454 | D        | Reached XP level 6. HP: 49/56 MP: 13/17
   677 | D        | Noticed a centaur warrior
   677 | D        | Noticed a hungry ghost
   677 | D        | Noticed a hill giant
   677 | D        | Noticed an efreet
   677 | D        | Noticed a vampire
   677 | D        | Noticed a shadow
   679 | D        | Killed a shadow
   679 | D        | Reached XP level 7. HP: 64/64 MP: 8/20
   682 | D        | Killed a vampire
   687 | D        | Killed an efreet
   695 | D        | Killed a hill giant
   695 | D        | Reached XP level 8. HP: 23/74 MP: 10/23
   702 | D        | Killed a centaur warrior
   702 | D        | Reached XP level 9. HP: 7/82 MP: 10/25
  1061 | D        | Noticed a seven-headed hydra
  1065 | D        | Noticed a rime drake
  1084 | D        | Slain by a seven-headed hydra

Vault maps used:
D:        linesprint

Skill      XL: |  1  2  3  4  5  6  7  8  9 |
---------------+----------------------------+-----
Fighting       | 3 4 5 6 8 9 |  9.1
Transmutations | 3 4 5 6 8 9 |  9.2
Spellcasting   | 3 4 5 6 7 8 |  8.4
Dodging        | 3 4 5 6 8 9 |  9.2
Unarmed Combat | 4 5 6 7 8 9 |  9.4

Action                   |  1- 3 |  4- 6 |  7- 9 || total
-------------------------+-------+-------+-------++-------
Melee: Unarmed           |    20 |    29 |    20 ||    69
 Cast: Beastly Appendage |     2 |       |       ||     2
       Spider Form       |       |     2 |       ||     2
       Blade Hands       |       |     1 |     1 ||     2
Evoke: Wand              |       |       |     4 ||     4
  Use: Potion            |     1 |     1 |     1 ||     3
 Stab: Distracted        |     1 |       |       ||     1
  Eat: Chunk             |       |       |     2 ||     2
